 Dungeon Crawl Stone Soup version 0.29.1-15-g9cfb28693d (webtiles) character file.

Game seed: 9167803565889825305

223 croobank the Conjurer (level 5, -9/38 HPs)
             Began as a Demonspawn Conjurer on Mar 9, 2023.
             Mangled by Pikel
             ... wielding a +2 whip of freezing
              (11 damage)
             ... on level 4 of the Dungeon.
             The game lasted 00:09:38 (4006 turns).

croobank the Conjurer (Demonspawn Conjurer)         Turns: 4006, Time: 00:09:38

Health: -9/38      AC:  3    Str:  7    XL:     5   Next: 66%
Magic:  0/9        EV: 12    Int: 22    God:
Gold:   264        SH:  0    Dex: 11    Spells: 3/9 levels left

rFire   . . .      SeeInvis .   a - +0 dagger
rCold   . . .      Faith    .   (no shield)
rNeg    . . .      Spirit   .   g - +0 robe
rPois   .          Reflect  .   (no helmet)
rElec   .          Harm     .   (no cloak)
rCorr   .          Rampage  .   (gloves unavailable)
Will    .....                   x - +0 pair of boots
Stlth   ++........              (no amulet)
HPRegen 0.12/turn               s - ring of flight
MPRegen 0.11/turn               (no ring)

@: flying, very slightly contaminated
A: demonic touch 3, fangs 1
a: no special abilities


You were on level 4 of the Dungeon.
You visited 1 branch of the dungeon, and saw 4 of its levels.

You collected 264 gold pieces.

Inventory:

Hand Weapons
 a - a +0 dagger (weapon)
 b - a +0 sling
 i - a +0 short sword
 j - a +0 trident
 l - a +0 hand axe
 r - a +0 broad axe
Missiles
 c - 7 poisoned darts
 u - 6 javelins
Armour
 g - a +0 robe (worn)
 x - a +0 pair of boots (worn)
Jewellery
 m - an amulet of magic regeneration
 s - a ring of flight (left hand)
Wands
 w - a wand of acid (13)
Scrolls
 d - 4 scrolls of enchant weapon {unknown}
 e - 2 scrolls of vulnerability {unknown}
 f - 5 scrolls of identify {unknown}
 h - 2 scrolls of poison {unknown}
 n - a scroll of noise {unknown}
 o - a scroll of silence {unknown}
 p - a scroll of enchant armour {unknown}
 q - 2 scrolls of teleportation {unknown}
 t - a scroll of immolation {unknown}
 v - a scroll of blinking {unknown}
Potions
 k - a potion of magic
 z - a potion of flight {unknown}


   Skills:
 + Level 2.1 Fighting
 + Level 2.6 Dodging
 + Level 2.8 Stealth
 + Level 2.9 Spellcasting
 + Level 4.6 Conjurations
 + Level 1.6 Hexes


You had 3 spell levels left.
You knew the following spells:

 Your Spells              Type           Power      Damage    Failure   Level
a - Magic Dart            Conj           92%        1d7       1%          1
b - Searing Ray           Conj           46%        2d6       2%          2
c - Dazzling Flash        Conj/Hex       34%        N/A       11%         3

Your spell library contained the following spells:

 Spells                   Type           Power      Damage    Failure   Level
 Sandblast                Erth           6%         2d5       13%         1
 Stone Arrow              Conj/Erth      26%        3d8       14%         3
 Blink                    Tloc           6%         N/A       19%         2
 Passwall                 Tmut/Erth      2%         N/A       19%         2
 Fulminant Prism          Conj/Hex       8%         3d7       34%         4
 Iskenderun's Mystic Bla  Conj/Tloc      13%        2d5       43%         4
 Manifold Assault         Tloc           3%         N/A       98%         5
 Storm Form               Tmut/Air       1%         N/A       100%        7


Dungeon Overview and Level Annotations

Branches:
Dungeon (4/15)
 Temple: D:4-7

Altars:
Xom
Yredelemnul

Shops:
D:2 :

Annotations:
D:3 1 runed translucent door
D:4 Pikel


Innate Abilities, Weirdness & Mutations

Your touch may irresistibly damage your foes and sap their willpower.
You have very sharp teeth.


Message History

Press: ? - help, Dir - look around, f - activate
Okay, then.
Casting: Dazzling Flash (dangerous; 11% risk of failure)
Confirm with . or Enter, or press ? or * to list all spells.
Casting: Dazzling Flash (dangerous; 11% risk of failure)
Press: ? - help, Dir - look around, f - activate
Okay, then.
Pikel shouts!
Casting: Dazzling Flash (dangerous; 11% risk of failure)
Confirm with . or Enter, or press ? or * to list all spells.
Casting: Dazzling Flash (dangerous; 11% risk of failure)
Press: ? - help, Dir - look around, f - activate You miscast Dazzling Flash.
You are very lightly contaminated with residual magic.
Nothing appears to happen.
The lemure closely misses you.
Casting: Dazzling Flash (dangerous; 11% risk of failure)
Confirm with . or Enter, or press ? or * to list all spells.
Casting: Dazzling Flash (dangerous; 11% risk of failure)
Press: ? - help, Dir - look around, f - activate The lemure is dazzled.
The lemure hits you!
You hit the lemure but do no damage. You barely miss the lemure.
The lemure shouts!
Pikel hits you with a +2 whip of freezing!
Pikel freezes you. The lemure hits you. The hobgoblin hits you.
You closely miss Pikel. Your bite misses Pikel.
Pikel hits you with a +2 whip of freezing!
* * * LOW HITPOINT WARNING * * *
Pikel freezes you.
* * * LOW HITPOINT WARNING * * *
The hobgoblin barely misses you.
Okay, then.
Casting: Dazzling Flash (dangerous; 11% risk of failure)
Confirm with . or Enter, or press ? or * to list all spells.
Casting: Dazzling Flash (dangerous; 11% risk of failure)
Press: ? - help, Dir - look around, f - activate The hobgoblin is dazzled.
The lemure is dazzled. x3; The hobgoblin hits you.
* * * LOW HITPOINT WARNING * * *
Pikel hits you with a +2 whip of freezing!
You die...

........#######.............##
........+.....................
........####................##
...........#...........######
#####......#........5..#
....#.....†#...........#
................5......#
...............5gK.....#
##8###.###8###8#@5.....# ###
### ### ###########


You could see Pikel, 4 lemures and a hobgoblin (blind).

Vanquished Creatures
  A phantom (D:3)
  A hound (D:2)
  An orc priest (D:3)
  An adder (D:3)
  2 worms
  A dart slug (D:4)
  4 orcs
  6 ball pythons
  6 endoplasms
  3 giant cockroaches
  4 goblins
  7 hobgoblins
  5 jackals
  A quokka (D:2)
  A bat (D:3)
  7 frilled lizards
  5 kobolds
  5 rats
61 creatures vanquished.

Notes
Turn   | Place    | Note
-------+----------+-------------------------------------------
     0 | D:1      | croobank the Demonspawn Conjurer began the quest for the
                  | Orb.
     0 | D:1      | Reached XP level 1. HP: 13/13 MP: 3/3
   463 | D:1      | Gained mutation: Your touch may inflict minor irresistible
                  | damage on your foes. [demonic ancestry]
   463 | D:1      | Reached XP level 2. HP: 20/20 MP: 0/5
   708 | D:1      | Learned a level 2 spell: Searing Ray
  1065 | D:1      | Found a faded altar of an unknown god.
  1339 | D:2      | Found a shimmering altar of Xom.
  1419 | D:2      | Found Zaabon's Book Shop.
  1452 | D:2      | Reached XP level 3. HP: 25/25 MP: 3/6
  1456 | D:2      | Learned a level 3 spell: Dazzling Flash
  1465 | D:2      | Reached skill level 1 in Fighting
  1618 | D:2      | Gained mutation: Your touch may inflict irresistible damage
                  | on your foes. [demonic ancestry]
  1618 | D:2      | Reached XP level 4. HP: 19/32 MP: 0/7
  2634 | D:3      | Gained mutation: You have very sharp teeth. [potion of
                  | mutation]
  2929 | D:2      | Reached skill level 1 in Hexes
  3302 | D:3      | Gained mutation: Your touch may irresistibly damage your
                  | foes and sap their willpower. [demonic ancestry]
  3302 | D:3      | Reached XP level 5. HP: 38/38 MP: 7/9
  3459 | D:3      | Found a runed translucent door.
  3459 | D:3      | Noticed a human
  3462 | D:3      | Found a basalt altar of Yredelemnul.
  3496 | D:3      | Noticed a phantom
  3511 | D:3      | Killed a phantom
  3983 | D:4      | Noticed Pikel
  3985 | D:4      | Noticed a lemure
  3986 | D:4      | Noticed a lemure
  3987 | D:4      | Noticed a lemure
  3988 | D:4      | Noticed a lemure
  4006 | D:4      | Mangled by Pikel

Illustrated notes

Levels and vault maps discovered:
D:1:      minmay_arrival_stone_box, layout_basic,
          ebering_ecumenical_altar_abandoned
D:2:      layout_basic, serial_shops, shop_coins, basic_altar, solitary_fountain
D:3:      layout_loops_cross, elyvilon_altar_3, dk_yredelemnul_ordeal,
          minmay_distorted
D:4:      layout_basic, serial_corexii_hall, chequers_hall_statues_wall_a,
          corexii_hall_statues_x, uniq_duvessa, uniq_pikel

Skill      XL: |  1  2  3  4  5 |
---------------+----------------+-----
Stealth        | 2 |  2.8
Dodging        | 2 |  2.6
Fighting       | 1 2 |  2.1
Hexes          | 1 |  1.6
Spellcasting   | |  2.9
Conjurations   | |  4.6

Action                   |  1- 3 |  4- 6 || total
-------------------------+-------+-------++-------
Melee: Spear             |     9 |       ||     9
       Dagger            |    16 |    50 ||    66
       Touch             |     2 |    12 ||    14
 Fire: Sling             |    37 |       ||    37
 Cast: Magic Dart        |    15 |     6 ||    21
       Searing Ray       |     8 |     8 ||    16
       Dazzling Flash    |     1 |     4 ||     5
  Use: Potion            |       |     2 ||     2
 Stab: Sleeping          |     2 |     4 ||     6
       Distracted        |       |     1 ||     1
       Invisible         |       |     1 ||     1
Armor: Robe              |     3 |     5 ||     8
Dodge: Dodged            |    25 |    26 ||    51
